 Dungeon Crawl Stone Soup version 0.29.0-4-gdea44cf6ec (webtiles) character file.

Game seed: 9383275742423018900

17663 qw the Severer (level 12, -2/115 HPs)
             Began as a Minotaur Berserker on Sept 10, 2022.
             Was an Elder of Trog.
             Slain by a wolf (6 damage)
             ... on level 1 of the Lair of Beasts.
             The game lasted 00:05:01 (15619 turns).

qw the Severer (Minotaur Berserker)                Turns: 15619, Time: 00:05:01

Health: -2/115     AC: 23    Str: 23    XL:     12   Next: 20%
Magic:  11/11      EV:  9    Int: 10    God:    Trog [****..]
Gold:   305        SH:  0    Dex: 12    Spells: 11/11 levels left

rFire   + + +      SeeInvis .   k - +0 war axe
rCold   + . .      Faith    .   (no shield)
rNeg    . . .      Spirit   .   s - +0 plate armour
rPois   .          Reflect  .   (helmet unavailable)
rElec   .          Harm     .   q - +1 cloak "Xiddawa" {rF+++ rC+ Will+}
rCorr   .          Rampage  .   l - +2 pair of gloves
Will    +....                   r - +0 pair of boots
Stlth   ..........              o - amulet of the acrobat
HPRegen 0.29/turn               c - +6 ring of intelligence
MPRegen 0.12/turn               (no ring)

@: on berserk cooldown, slowed, very slow
A: horns 3, retaliatory headbutt, weak 1
a: Renounce Religion, Berserk, Trog's Hand, Brothers in Arms


You were on level 1 of the Lair of Beasts.
You worshipped Trog.
Trog was greatly pleased with you.
You visited 2 branches of the dungeon, and saw 12 of its levels.

You collected 705 gold pieces.
You spent 400 gold pieces at shops.


Innate Abilities, Weirdness & Mutations

You have a pair of large horns on your head.
You reflexively headbutt those who attack you in melee.
You are weak. (Str -2)


   Skills:
 - Level 13.0 Fighting
 - Level 16.0 Axes
 + Level 2.8 Throwing
 - Level 12.0 Armour
 - Level 5.0 Dodging


You had 11 spell levels left.
You didn't know any spells.
Your spell library was empty.

Inventory:

Hand Weapons
 g - a +0 morningstar
 k - a +0 war axe (weapon)
Missiles
 j - 3 boomerangs (quivered)
Armour
 l - a +2 pair of gloves (worn)
 q - the +1 cloak "Xiddawa" (worn) {rF+++ rC+ Will+}
   (You acquired it on level 8 of the Dungeon)

   rF:        It renders you almost immune to fire.
   rC:        It protects you from cold.
   Will:      It increases your willpower.
 r - a +0 pair of boots (worn)
 s - a +0 plate armour (worn)
Jewellery
 c - a +6 ring of intelligence (left hand)
 f - a ring of fire
 o - an amulet of the acrobat (around neck)
Scrolls
 m - 9 scrolls of identify
Potions
 a - 2 potions of mutation
 d - 4 potions of curing
 e - 3 potions of haste
 h - 2 potions of resistance
 i - a potion of might
 n - 3 potions of cancellation

Dungeon Overview and Level Annotations

Branches:
Dungeon (11/15)            Temple (0/1) D:4            Lair (1/5) D:11
    Orc (0/2) D:9

Altars:
Dithmenos
Trog

Shops:
D:2 (   D:6 *   D:8 *

Portals:
Abyss: D:8

Annotations:
D:3 2 transporters, qw's ghost, amateur MiBe
D:8 2 transporters, qw's ghost, novice DsCA


Message History

The wolf barely misses you.
Your Fighting skill increases to level 13!
The wolf howls!
You slash the wolf!
You kill the wolf!
Trog accepts your kill.
You slash the wolf! You hit the wolf. You slash the wolf!
A wolf comes into view.
The wolf bites you but does no damage. x3; The wolf barely misses you.
The wolf bites you but does no damage.
The wolf pauses to sniff the ground.
The wolf barely misses you.
You slash the wolf!
You kill the wolf!
Trog accepts your kill.
You hit the wolf. You miss the wolf. You barely miss the wolf.
The wolf bites you. The wolf bites you but does no damage.
The wolf barely misses you. The wolf closely misses you.
You furiously retaliate!
You headbutt the wolf! The wolf closely misses you.
The wolf bites you but does no damage.
You slash the wolf!
You kill the wolf!
Trog accepts your kill.
You hit the wolf. x2; You hit the wolf but do no damage.
The wolf bites you.
The wolf bites you but does no damage. x2
The wolf misses you. You furiously retaliate!
You headbutt the wolf! The wolf bites you but does no damage.
You slice the wolf!!
You kill the wolf!
Trog accepts your kill.
You slash the wolf! You miss the wolf. You hit the wolf.
The wolf bites you but does no damage. The wolf closely misses you.
The wolf bites you! The wolf bites you but does no damage.
The wolf closely misses you. The wolf bites you but does no damage.
The wolf closely misses you.
You closely miss the wolf.
The wolf is severely wounded.
You hit the wolf but do no damage. You hit the wolf. x2
The wolf bites you.
You die...

...... ... ......7 ... .......
.... .......7# .....
........##...~. .......h....~~~
.....hhh....~~~ .....hh@.#
.....lh7## .....hh ~......
......h ........ ...........$...
......... ............7.
............. ..(hh.!.....7.
.........(..
#7.hh....7.......####..#........
#h#hhh$.7 .........#....(..


You could see a komodo dragon and 10 wolves.

Vanquished Creatures
  A two-headed ogre (D:11)
  A death yak (D:11)
  An ugly thing (D:11)
  2 cyclopes (D:11)
  An elephant (D:11)
  A black mamba (Lair:1)
  A gargoyle (D:11)
  2 cane toads (Lair:1)
  A troll (D:9)
  3 blink frogs (Lair:1)
  Eustachio (D:5)
  3 wyverns
  A shadow (D:11)
  22 yaks
  3 steam dragons
  3 basilisks
  Grum (D:10)
  Menkaure (D:5)
  2 vampire mosquitoes (D:8)
  An acid dragon (D:9)
  A water moccasin (D:6)
  Duvessa (D:5)
  4 orc warriors
  2 ice beasts
  A black bear (D:6)
  2 ogres
  28 wolves
  8 centaurs
  4 kobold brigands
  A phantom (D:8)
  5 bullfrogs
  2 gnoll sergeants
  6 scorpions
  7 wights
  Dowan (D:5)
  10 killer bees
  2 howler monkeys
  6 orc priests
  4 hounds
  2 gnoll boudas
  5 jellies
  Ijyb (D:3)
  Natasha (thrice) (D:3)
  4 iguanas
  9 orc wizards
  Robin (D:3)
  5 adders
  14 gnolls
  A white imp (D:6)
  5 worms
  3 dart slugs (D:2)
  26 orcs
  8 endoplasms
  3 giant cockroaches
  12 goblins
  21 hobgoblins
  A jackal (D:2)
  28 kobolds
  6 quokkas
  7 ball pythons
  5 bats
  5 frilled lizards
  7 rats
329 creatures vanquished.

Vanquished Creatures (collateral kills)
  A hydra (D:11)
1 creature vanquished.

Vanquished Creatures (others)
  3 fungi (Lair:1)
  2 plants
5 creatures vanquished.

Grand Total: 335 creatures vanquished

Notes
Turn   | Place    | Note
-------+----------+-------------------------------------------
     0 | D:1      | qw the Minotaur Berserker began the quest for the Orb.
     0 | D:1      | Reached XP level 1. HP: 19/19 MP: 0/0
     0 | D:1      | 0 ||| qw: Version: 0.1-a-113-g051387a
     0 | D:1      | 0 ||| qw: Game counter: 7362
     0 | D:1      | 0 ||| qw: Always use a shield: true
     0 | D:1      | 0 ||| qw: Do Orc after D:15 true
     0 | D:1      | 0 ||| qw: Do second Lair branch before Depths: true
     0 | D:1      | 0 ||| qw: Lair rune preference: random
     0 | D:1      | 0 ||| qw: Plans: Normal
     0 | D:1      | 0 ||| PLANNING D:1-11
   110 | D:1      | Reached skill level 4 in Axes
   123 | D:1      | 123 ||| Stepping ~*~*~tactically~*~*~ (stealth).
   130 | D:1      | Reached XP level 2. HP: 19/26 MP: 1/1
   266 | D:1      | 266 ||| Stepping ~*~*~tactically~*~*~ (stealth).
   313 | D:1      | 313 ||| Stepping ~*~*~tactically~*~*~ (stealth).
   651 | D:1      | Reached skill level 5 in Axes
   721 | D:1      | 721 ||| Stepping ~*~*~tactically~*~*~ (stealth).
   728 | D:1      | Reached ** piety under Trog
   816 | D:1      | Reached XP level 3. HP: 31/31 MP: 2/2
  1022 | D:1      | Found a faded altar of an unknown god.
  1390 | D:1      | 1390 ||| UPGRADING to +0 ring mail.
  1400 | D:1      | 1400 ||| DROPPING +0 animal skin.
  1401 | D:1      | 1401 ||| UPGRADING to +0 scale mail.
  1411 | D:1      | 1411 ||| DROPPING +0 ring mail.
  1412 | D:1      | 1412 ||| READING scroll labelled GYOGIN MECA.
  1413 | D:1      | 1413 ||| READING scroll labelled INAMNUERHIEC.
  1418 | D:1      | 1418 ||| READING scroll labelled QEPSAL DOFU.
  1419 | D:1      | 1419 ||| READING scroll labelled UCIUCEG MIOC.
  1420 | D:1      | 1420 ||| Stepping randomly (stuck).
  1421 | D:1      | 1421 ||| Stepping randomly (stuck).
  1422 | D:1      | 1422 ||| Stepping randomly (stuck).
  1423 | D:1      | 1423 ||| Stepping randomly (stuck).
  1424 | D:1      | 1424 ||| Stepping randomly (stuck).
  1425 | D:1      | 1425 ||| Stepping ~*~*~tactically~*~*~ (cloud).
  1668 | D:2      | Found Coviph's Antique Weapon Shoppe.
  1744 | D:2      | 1744 ||| Stepping ~*~*~tactically~*~*~ (hiding).
  2135 | D:2      | 2135 ||| Stepping ~*~*~tactically~*~*~ (stealth).
  2136 | D:2      | 2136 ||| Stepping ~*~*~tactically~*~*~ (stealth).
  2142 | D:2      | 2142 ||| INVOKING Berserk.
  2144 | D:2      | Reached skill level 6 in Axes
  2144 | D:2      | Reached XP level 4. HP: 23/39 MP: 3/3
  2150 | D:2      | HP: 9/39 [poisoned by an adder]
  2862 | D:2      | 2862 ||| UPGRADING to +0 chain mail.
  2872 | D:2      | 2872 ||| DROPPING +0 scale mail.
  2873 | D:2      | 2873 ||| UPGRADING to +0 pair of gloves.
  2878 | D:2      | 2878 ||| DROPPING ring of flight.
  2879 | D:2      | 2879 ||| READING scroll labelled SOFEXU DIETE.
  2880 | D:2      | 2880 ||| READING scroll labelled SUNERO WEXTO.
  2881 | D:2      | 2881 ||| READING scroll labelled GIODORR NYSOD.
  2882 | D:2      | 2882 ||| DRINKING 2 dark potions.
  2921 | D:3      | You fall into a shaft and drop 1 floor!
  3041 | D:3      | 3041 ||| Stepping ~*~*~tactically~*~*~ (stealth).
  3059 | D:3      | Found a transporter.
  3061 | D:3      | 3061 ||| DROPPING +0 whip.
  3113 | D:3      | 3113 ||| Stepping ~*~*~tactically~*~*~ (stealth).
  3114 | D:3      | Noticed Robin
  3114 | D:3      | Noticed Ijyb
  3115 | D:3      | 3115 ||| Stepping ~*~*~tactically~*~*~ (hiding).
  3123 | D:3      | 3123 ||| INVOKING Berserk.
  3127 | D:3      | Killed Ijyb
  3141 | D:3      | Killed Robin
  3143 | D:3      | Reached XP level 5. HP: 36/45 MP: 4/4
  3144 | D:3      | Reached skill level 7 in Axes
  3180 | D:3      | 3180 ||| Stepping ~*~*~tactically~*~*~ (stealth).
  3186 | D:3      | 3186 ||| Stepping ~*~*~tactically~*~*~ (stealth).
  3187 | D:3      | 3187 ||| Stepping ~*~*~tactically~*~*~ (stealth).
  3203 | D:3      | 3203 ||| DROPPING +0 whip of venom.
  3229 | D:3      | Reached *** piety under Trog
  3294 | D:3      | Noticed qw's ghost (amateur MiBe)
  3301 | D:3      | Noticed Natasha
  3302 | D:3      | 3302 ||| Stepping ~*~*~tactically~*~*~ (hiding).
  3304 | D:3      | 3304 ||| Stepping ~*~*~tactically~*~*~ (hiding).
  3307 | D:3      | 3307 ||| INVOKING Berserk.
  3310 | D:3      | Killed Natasha
  3438 | D:3      | Noticed Natasha
  3439 | D:3      | 3439 ||| Stepping ~*~*~tactically~*~*~ (stealth).
  3442 | D:3      | 3442 ||| INVOKING Berserk.
  3444 | D:3      | Killed Natasha
  3546 | D:3      | Noticed Natasha
  3547 | D:3      | 3547 ||| Stepping ~*~*~tactically~*~*~ (stealth).
  3551 | D:3      | 3551 ||| Stepping ~*~*~tactically~*~*~ (stealth).
  3553 | D:3      | 3553 ||| INVOKING Berserk.
  3555 | D:3      | Killed Natasha
  3603 | D:3      | 3603 ||| Stepping ~*~*~tactically~*~*~ (stealth).
  3684 | D:3      | Found a transporter.
  3689 | D:3      | 3689 ||| INVOKING Berserk.
  3695 | D:3      | Reached XP level 6. HP: 52/52 MP: 5/5
  3747 | D:3      | 3747 ||| DROPPING +0 mace of protection.
  3799 | D:3      | 3799 ||| DRINKING 2 silvery potions.
  3800 | D:3      | 3800 ||| DRINKING 2 bubbling red potions.
  3801 | D:3      | 3801 ||| READING 3 scrolls of identify.
  3801 | D:3      | 3801 ||| IDENTIFYING bubbling orange potion
  3802 | D:3      | 3802 ||| READING 2 scrolls of identify.
  3802 | D:3      | 3802 ||| IDENTIFYING viscous coppery potion
  3803 | D:3      | 3803 ||| DROPPING potion of invisibility.
  3804 | D:3      | 3804 ||| DROPPING potion of brilliance.
  3805 | D:3      | 3805 ||| DROPPING potion of attraction.
  4254 | D:4      | Noticed an orc warrior
  4255 | D:4      | 4255 ||| INVOKING Berserk.
  4257 | D:4      | Reached skill level 8 in Axes
  4271 | D:4      | Killed an orc warrior
  4273 | D:4      | 4273 ||| DRINKING potion of curing.
  4273 | D:4      | 4273 ||| (to cure confusion)
  4411 | D:4      | Found a staircase to the Ecumenical Temple.
  4424 | D:4      | 4424 ||| INVOKING Berserk.
  4429 | D:4      | Reached skill level 9 in Axes
  4656 | D:4      | 4656 ||| Stepping ~*~*~tactically~*~*~ (stealth).
  4658 | D:4      | 4658 ||| Stepping ~*~*~tactically~*~*~ (stealth).
  4667 | D:4      | 4667 ||| INVOKING Berserk.
  4672 | D:4      | Reached skill level 3 in Armour
  4795 | D:4      | Reached XP level 7. HP: 60/60 MP: 6/6
  4862 | D:4      | 4862 ||| Stepping ~*~*~tactically~*~*~ (hiding).
  4863 | D:4      | 4863 ||| Stepping ~*~*~tactically~*~*~ (hiding).
  4866 | D:4      | 4866 ||| INVOKING Berserk.
  5002 | D:4      | 5002 ||| INVOKING Berserk.
  5325 | D:4      | Found a shadowy altar of Dithmenos.
  5390 | D:4      | 5390 ||| DROPPING scarf of shadows.
  5391 | D:4      | 5391 ||| DROPPING amulet of magic regeneration.
  5392 | D:4      | 5392 ||| READING scroll labelled USHOIPP SAGI.
  5393 | D:4      | 5393 ||| DRINKING 2 cyan potions.
  5494 | D:4      | 5494 ||| READING 2 scrolls of identify.
  5494 | D:4      | 5494 ||| IDENTIFYING clear potion
  5495 | D:4      | 5495 ||| DROPPING potion of degeneration.
  5496 | D:4      | 5496 ||| DROPPING potion of ambrosia.
  5503 | D:5      | Entered Level 5 of the Dungeon
  5505 | D:5      | Noticed Duvessa
  5505 | D:5      | Noticed Dowan
  5506 | D:5      | 5506 ||| INVOKING Berserk.
  5509 | D:5      | Killed Duvessa
  5510 | D:5      | Reached skill level 10 in Axes
  5513 | D:5      | Reached skill level 1 in Throwing
  5515 | D:5      | Killed Dowan
  5685 | D:5      | 5685 ||| Stepping ~*~*~tactically~*~*~ (stealth).
  5695 | D:5      | 5695 ||| INVOKING Berserk.
  5698 | D:5      | Reached skill level 6 in Fighting
  5699 | D:5      | Reached XP level 8. HP: 68/71 MP: 7/7
  5865 | D:5      | Noticed Eustachio
  5866 | D:5      | 5866 ||| Stepping ~*~*~tactically~*~*~ (hiding).
  5869 | D:5      | 5869 ||| Stepping ~*~*~tactically~*~*~ (hiding).
  5872 | D:5      | 5872 ||| INVOKING Berserk.
  5888 | D:5      | Killed Eustachio
  6024 | D:5      | Found a bloodstained altar of Trog.
  6025 | D:5      | 6025 ||| Stepping ~*~*~tactically~*~*~ (stealth).
  6033 | D:5      | Reached skill level 11 in Axes
  6035 | D:5      | 6035 ||| Stepping ~*~*~tactically~*~*~ (stealth).
  6071 | D:5      | Noticed Menkaure
  6072 | D:5      | 6072 ||| Stepping ~*~*~tactically~*~*~ (hiding).
  6075 | D:5      | 6075 ||| INVOKING Berserk.
  6078 | D:5      | Killed Menkaure
  6298 | D:5      | 6298 ||| Stepping ~*~*~tactically~*~*~ (stealth).
  6485 | D:5      | 6485 ||| Stepping ~*~*~tactically~*~*~ (stealth).
  6486 | D:5      | 6486 ||| INVOKING Berserk.
  6488 | D:5      | Reached skill level 12 in Axes
  6518 | D:5      | 6518 ||| Stepping ~*~*~tactically~*~*~ (stealth).
  6555 | D:5      | 6555 ||| Stepping ~*~*~tactically~*~*~ (stealth).
  6557 | D:5      | 6557 ||| Stepping ~*~*~tactically~*~*~ (stealth).
  6558 | D:5      | 6558 ||| Stepping ~*~*~tactically~*~*~ (stealth).
  6562 | D:5      | 6562 ||| Stepping ~*~*~tactically~*~*~ (stealth).
  6563 | D:5      | 6563 ||| Stepping ~*~*~tactically~*~*~ (stealth).
  6587 | D:5      | 6587 ||| Stepping ~*~*~tactically~*~*~ (stealth).
  6698 | D:5      | 6698 ||| INVOKING Berserk.
  6973 | D:5      | 6973 ||| READING scroll labelled YPAMOPIJUMP.
  6974 | D:5      | 6974 ||| READING scroll labelled SARIEZXOCSA.
  6975 | D:5      | 6975 ||| DRINKING 2 smoky coppery potions.
  7016 | D:5      | 7016 ||| DRINKING 2 grey potions.
  7017 | D:5      | 7017 ||| DROPPING potion of lignification.
  7064 | D:6      | 7064 ||| Stepping ~*~*~tactically~*~*~ (stealth).
  7085 | D:6      | Reached XP level 9. HP: 58/79 MP: 8/8
  7107 | D:6      | 7107 ||| FLEEEEING.
  7108 | D:6      | 7108 ||| STAIRDANCE
  7338 | D:6      | 7338 ||| INVOKING Berserk.
  7470 | D:6      | 7470 ||| Stepping ~*~*~tactically~*~*~ (stealth).
  7475 | D:6      | 7475 ||| INVOKING Berserk.
  7482 | D:6      | Reached skill level 13 in Axes
  7612 | D:6      | 7612 ||| Stepping ~*~*~tactically~*~*~ (stealth).
  7613 | D:6      | 7613 ||| Stepping ~*~*~tactically~*~*~ (stealth).
  7614 | D:6      | 7614 ||| Stepping ~*~*~tactically~*~*~ (stealth).
  7616 | D:6      | 7616 ||| Stepping ~*~*~tactically~*~*~ (stealth).
  7620 | D:6      | 7620 ||| INVOKING Berserk.
  7680 | D:6      | 7680 ||| Stepping ~*~*~tactically~*~*~ (stealth).
  7681 | D:6      | 7681 ||| Stepping ~*~*~tactically~*~*~ (stealth).
  7682 | D:6      | 7682 ||| Stepping ~*~*~tactically~*~*~ (stealth).
  7683 | D:6      | 7683 ||| Stepping ~*~*~tactically~*~*~ (stealth).
  7703 | D:6      | 7703 ||| INVOKING Berserk.
  7866 | D:6      | 7866 ||| READING scroll of enchant armour.
  7866 | D:6      | 7866 ||| ENCHANTING +0 pair of gloves.
  7902 | D:6      | Found Gecvaw's General Store.
  7906 | D:6      | 7906 ||| BUYING potion of might (52 gold).
  7906 | D:6      | Bought a potion of might for 52 gold pieces
  8148 | D:6      | 8148 ||| READING scroll of brand weapon.
  8148 | D:6      | 8148 ||| BRANDING +0 hand axe of protection.
  8178 | D:6      | 8178 ||| READING scroll of brand weapon.
  8178 | D:6      | 8178 ||| BRANDING +0 hand axe of electrocution.
  8292 | D:6      | 8292 ||| UPGRADING to +6 ring of intelligence.
  8293 | D:6      | 8293 ||| READING scroll labelled ONUINA ZE PUNO.
  8294 | D:6      | 8294 ||| DRINKING 3 yellow potions.
  8294 | D:6      | Gained mutation: You have a pair of large horns on your
                  | head. [potion of mutation]
  8294 | D:6      | Gained mutation: You are weak. (Str -2) [potion of
                  | mutation]
  8295 | D:6      | 8295 ||| READING 3 scrolls of identify.
  8295 | D:6      | 8295 ||| IDENTIFYING fuming pink potion
  8296 | D:6      | 8296 ||| READING 2 scrolls of identify.
  8296 | D:6      | 8296 ||| IDENTIFYING lumpy purple potion
  8297 | D:6      | 8297 ||| DROPPING potion of magic.
  8377 | D:7      | 8377 ||| INVOKING Berserk.
  8436 | D:7      | 8436 ||| DROPPING +0 flail.
  8721 | D:7      | 8721 ||| INVOKING Berserk.
  8833 | D:7      | 8833 ||| Stepping ~*~*~tactically~*~*~ (stealth).
  8967 | D:7      | 8967 ||| Stepping ~*~*~tactically~*~*~ (stealth).
  8970 | D:7      | 8970 ||| Stepping ~*~*~tactically~*~*~ (stealth).
  8971 | D:7      | 8971 ||| Stepping ~*~*~tactically~*~*~ (stealth).
  8994 | D:7      | 8994 ||| Stepping ~*~*~tactically~*~*~ (stealth).
  9192 | D:7      | 9192 ||| Stepping ~*~*~tactically~*~*~ (stealth).
  9193 | D:7      | 9193 ||| Stepping ~*~*~tactically~*~*~ (stealth).
  9196 | D:7      | 9196 ||| Stepping ~*~*~tactically~*~*~ (hiding).
  9207 | D:7      | Reached skill level 14 in Axes
  9361 | D:7      | 9361 ||| INVOKING Berserk.
  9682 | D:7      | 9682 ||| READING scroll labelled VOSUYNL WYJUMA.
  9683 | D:7      | 9683 ||| READING 2 scrolls of identify.
  9683 | D:7      | 9683 ||| IDENTIFYING metallic coppery potion
  9684 | D:7      | 9684 ||| DROPPING potion of berserk rage.
  9768 | D:8      | 9768 ||| Stepping ~*~*~tactically~*~*~ (hiding).
  9770 | D:8      | 9770 ||| Stepping ~*~*~tactically~*~*~ (hiding).
  9771 | D:8      | 9771 ||| Stepping ~*~*~tactically~*~*~ (hiding).
  9776 | D:8      | 9776 ||| INVOKING Berserk.
  9784 | D:8      | Reached skill level 3 in Dodging
  9960 | D:8      | 9960 ||| Stepping ~*~*~tactically~*~*~ (hiding).
  9963 | D:8      | 9963 ||| INVOKING Berserk.
 10010 | D:8      | Found Noghos's General Store.
 10019 | D:8      | 10019 ||| BUYING +2 pair of gloves of infusion (258 gold).
 10019 | D:8      | Bought a +2 pair of gloves of infusion for 258 gold pieces
 10019 | D:8      | 10019 ||| BUYING scroll of enchant weapon (90 gold).
 10019 | D:8      | Bought a scroll of enchant weapon for 90 gold pieces
 10019 | D:8      | 10019 ||| READING scroll of enchant weapon.
 10019 | D:8      | 10019 ||| ENCHANTING +0 hand axe of protection.
 10021 | D:8      | 10021 ||| Stepping ~*~*~tactically~*~*~ (hiding).
 10025 | D:8      | 10025 ||| INVOKING Berserk.
 10029 | D:8      | Reached skill level 9 in Fighting
 10172 | D:8      | 10172 ||| READING scroll of enchant weapon.
 10172 | D:8      | 10172 ||| ENCHANTING +1 hand axe of protection.
 10187 | D:8      | 10187 ||| READING scroll of enchant armour.
 10187 | D:8      | 10187 ||| ENCHANTING +1 pair of gloves.
 10191 | D:8      | Found a one-way gate to the infinite horrors of the Abyss.
 10191 | D:8      | Noticed qw's ghost (novice DsCA)
 10211 | D:8      | Found a transporter.
 10227 | D:8      | Found a transporter.
 10285 | D:8      | Reached XP level 10. HP: 66/91 MP: 9/9
 10296 | D:8      | Reached skill level 6 in Armour
 10484 | D:8      | 10484 ||| Stepping ~*~*~tactically~*~*~ (hiding).
 10556 | D:8      | 10556 ||| FLEEEEING.
 10557 | D:8      | 10557 ||| FLEEEEING.
 10558 | D:8      | 10558 ||| FLEEEEING.
 10559 | D:8      | 10559 ||| FLEEEEING.
 10560 | D:8      | 10560 ||| FLEEEEING.
 10561 | D:8      | 10561 ||| FLEEEEING.
 10562 | D:8      | 10562 ||| FLEEEEING.
 10563 | D:8      | 10563 ||| FLEEEEING.
 10580 | D:8      | 10580 ||| Stepping ~*~*~tactically~*~*~ (stealth).
 10893 | D:8      | 10893 ||| DROPPING +2 pair of gloves of infusion.
 10894 | D:8      | 10894 ||| UPGRADING to +0 pair of boots.
 10899 | D:8      | 10899 ||| READING 2 scrolls labelled RAXKEPS PYAS.
 10900 | D:8      | 10900 ||| READING 2 scrolls labelled GIXKOCH HUNIUG.
 11080 | D:8      | 11080 ||| READING scroll labelled IGES ZOYLAY.
 11080 | D:8      | Identified a scroll of acquirement
 11080 | D:8      | 11080 ||| ACQUIRING +1 cloak "Xiddawa" {rF+++ rC+ Will+}
 11080 | D:8      | Acquired the +1 cloak "Xiddawa" {rF+++ rC+ Will+}
 11082 | D:8      | 11082 ||| UPGRADING to +1 cloak "Xiddawa" {rF+++ rC+
                  | Will+}.
 11087 | D:8      | 11087 ||| DROPPING scroll of vulnerability.
 11088 | D:8      | 11088 ||| DROPPING scroll of torment.
 11168 | D:9      | 11168 ||| STAIRDANCE
 11197 | D:9      | 11197 ||| SWAPPING to +0 war axe.
 11198 | D:9      | 11198 ||| DROPPING +2 hand axe of protection.
 11214 | D:9      | 11214 ||| Stepping ~*~*~tactically~*~*~ (stealth).
 11216 | D:9      | 11216 ||| Stepping ~*~*~tactically~*~*~ (stealth).
 11219 | D:9      | 11219 ||| Stepping ~*~*~tactically~*~*~ (stealth).
 11228 | D:9      | Reached **** piety under Trog
 11235 | D:9      | 11235 ||| Stepping ~*~*~tactically~*~*~ (stealth).
 11242 | D:9      | 11242 ||| Stepping ~*~*~tactically~*~*~ (hiding).
 11250 | D:9      | 11250 ||| Stepping ~*~*~tactically~*~*~ (hiding).
 11252 | D:9      | 11252 ||| Stepping ~*~*~tactically~*~*~ (hiding).
 11275 | D:9      | Reached skill level 15 in Axes
 11276 | D:9      | 11276 ||| INVOKING Berserk.
 11283 | D:9      | HP: 21/93 [orc warrior/bolt (15)]
 11284 | D:9      | 11284 ||| READING 2 scrolls of teleportation.
 11284 | D:9      | HP: 5/93 [orc warrior/bolt (16)]
 11644 | D:9      | 11644 ||| INVOKING Berserk.
 11776 | D:9      | 11776 ||| FLEEEEING.
 11777 | D:9      | 11777 ||| FLEEEEING.
 11778 | D:9      | 11778 ||| STAIRDANCE
 11803 | D:8      | 11803 ||| UPGRADING to amulet of the acrobat.
 11829 | D:9      | 11829 ||| Stepping ~*~*~tactically~*~*~ (hiding).
 11830 | D:9      | 11830 ||| Stepping ~*~*~tactically~*~*~ (hiding).
 11832 | D:9      | 11832 ||| INVOKING Berserk.
 11937 | D:9      | 11937 ||| Stepping ~*~*~tactically~*~*~ (stealth).
 11939 | D:9      | 11939 ||| Stepping ~*~*~tactically~*~*~ (stealth).
 11942 | D:9      | 11942 ||| INVOKING Berserk.
 11954 | D:9      | 11954 ||| STAIRDANCE
 12131 | D:9      | 12131 ||| Stepping ~*~*~tactically~*~*~ (hiding).
 12156 | D:9      | Found a staircase to the Orcish Mines.
 12246 | D:9      | Reached skill level 16 in Axes
 12343 | D:9      | 12343 ||| Stepping ~*~*~tactically~*~*~ (stealth).
 12345 | D:9      | 12345 ||| Stepping ~*~*~tactically~*~*~ (stealth).
 12525 | D:9      | 12525 ||| UPGRADING to +0 plate armour.
 12535 | D:9      | 12535 ||| DROPPING +0 chain mail.
 12572 | D:10     | Entered Level 10 of the Dungeon
 12690 | D:10     | Reached XP level 11. HP: 99/99 MP: 10/10
 12761 | D:10     | 12761 ||| Stepping ~*~*~tactically~*~*~ (stealth).
 12783 | D:10     | 12783 ||| FLEEEEING.
 12784 | D:10     | 12784 ||| FLEEEEING.
 12785 | D:10     | 12785 ||| FLEEEEING.
 12786 | D:10     | 12786 ||| FLEEEEING.
 12787 | D:10     | 12787 ||| FLEEEEING.
 12788 | D:10     | 12788 ||| FLEEEEING.
 12789 | D:10     | 12789 ||| FLEEEEING.
 12790 | D:10     | 12790 ||| FLEEEEING.
 12791 | D:10     | 12791 ||| FLEEEEING.
 12792 | D:10     | 12792 ||| FLEEEEING.
 12793 | D:10     | 12793 ||| FLEEEEING.
 12794 | D:10     | 12794 ||| FLEEEEING.
 12795 | D:10     | 12795 ||| FLEEEEING.
 12796 | D:10     | 12796 ||| FLEEEEING.
 12797 | D:10     | 12797 ||| FLEEEEING.
 12798 | D:10     | 12798 ||| FLEEEEING.
 12799 | D:10     | 12799 ||| FLEEEEING.
 12800 | D:10     | 12800 ||| FLEEEEING.
 12801 | D:10     | 12801 ||| FLEEEEING.
 12802 | D:10     | 12802 ||| FLEEEEING.
 12804 | D:10     | 12804 ||| FLEEEEING.
 12805 | D:10     | 12805 ||| FLEEEEING.
 12808 | D:10     | 12808 ||| FLEEEEING.
 12810 | D:10     | 12810 ||| FLEEEEING.
 12816 | D:10     | 12816 ||| Stepping ~*~*~tactically~*~*~ (stealth).
 12820 | D:10     | 12820 ||| Stepping ~*~*~tactically~*~*~ (stealth).
 12989 | D:10     | 12989 ||| Stepping ~*~*~tactically~*~*~ (stealth).
 12991 | D:10     | 12991 ||| Stepping ~*~*~tactically~*~*~ (stealth).
 12992 | D:10     | 12992 ||| Stepping ~*~*~tactically~*~*~ (stealth).
 12993 | D:10     | 12993 ||| Stepping ~*~*~tactically~*~*~ (stealth).
 12996 | D:10     | 12996 ||| INVOKING Berserk.
 13275 | D:10     | 13275 ||| Stepping ~*~*~tactically~*~*~ (stealth).
 13284 | D:10     | 13284 ||| Stepping ~*~*~tactically~*~*~ (stealth).
 13293 | D:10     | 13293 ||| Stepping ~*~*~tactically~*~*~ (stealth).
 13306 | D:10     | Noticed Grum
 13309 | D:10     | 13309 ||| Stepping ~*~*~tactically~*~*~ (hiding).
 13312 | D:10     | 13312 ||| Stepping ~*~*~tactically~*~*~ (hiding).
 13313 | D:10     | 13313 ||| Stepping ~*~*~tactically~*~*~ (hiding).
 13315 | D:10     | 13315 ||| Stepping ~*~*~tactically~*~*~ (hiding).
 13317 | D:10     | 13317 ||| INVOKING Berserk.
 13322 | D:10     | Killed Grum
 13323 | D:10     | Reached skill level 9 in Armour
 13721 | D:11     | 13721 ||| Stepping ~*~*~tactically~*~*~ (hiding).
 13764 | D:11     | Found a staircase to the Lair.
 13764 | D:11     | Noticed a death yak
 13765 | D:11     | 13765 ||| Stepping ~*~*~tactically~*~*~ (stealth).
 13767 | D:11     | 13767 ||| Stepping ~*~*~tactically~*~*~ (stealth).
 13769 | D:11     | 13769 ||| Stepping ~*~*~tactically~*~*~ (stealth).
 13771 | D:11     | 13771 ||| Stepping ~*~*~tactically~*~*~ (hiding).
 13772 | D:11     | 13772 ||| INVOKING Berserk.
 13784 | D:11     | Killed a death yak
 14148 | D:11     | 14148 ||| Stepping ~*~*~tactically~*~*~ (stealth).
 14155 | D:11     | 14155 ||| INVOKING Berserk.
 14164 | D:11     | 14164 ||| Stepping ~*~*~tactically~*~*~ (hiding).
 14179 | D:11     | 14179 ||| Stepping ~*~*~tactically~*~*~ (stealth).
 14396 | D:11     | Noticed a green ugly thing
 14404 | D:11     | Killed a green ugly thing
 14426 | D:11     | Noticed a two-headed ogre
 14428 | D:11     | 14428 ||| INVOKING Berserk.
 14432 | D:11     | Killed a two-headed ogre
 14615 | D:11     | Noticed a five-headed hydra
 14616 | D:11     | 14616 ||| INVOKING Brothers in Arms.
 14617 | D:11     | 14617 ||| INVOKING Brothers in Arms.
 14618 | D:11     | 14618 ||| INVOKING Brothers in Arms.
 14619 | D:11     | 14619 ||| SWAPPING to +0 morningstar.
 14620 | D:11     | 14620 ||| INVOKING Berserk.
 14622 | D:11     | Killed a five-headed hydra
 14826 | D:11     | 14826 ||| SWAPPING to +0 war axe.
 14854 | D:11     | 14854 ||| Stepping ~*~*~tactically~*~*~ (hiding).
 14856 | D:11     | 14856 ||| Stepping ~*~*~tactically~*~*~ (hiding).
 14858 | D:11     | 14858 ||| Stepping ~*~*~tactically~*~*~ (hiding).
 15032 | D:11     | 15032 ||| PLANNING LAIR
 15060 | Lair:1   | Entered Level 1 of the Lair of Beasts
 15082 | Lair:1   | 15082 ||| INVOKING Berserk.
 15085 | Lair:1   | Reached skill level 12 in Fighting
 15233 | Lair:1   | 15233 ||| Stepping ~*~*~tactically~*~*~ (stealth).
 15244 | Lair:1   | 15244 ||| INVOKING Berserk.
 15409 | Lair:1   | 15409 ||| Stepping ~*~*~tactically~*~*~ (stealth).
 15412 | Lair:1   | 15412 ||| INVOKING Berserk.
 15432 | Lair:1   | Reached skill level 12 in Armour
 15446 | Lair:1   | Reached XP level 12. HP: 91/112 MP: 11/11
 15555 | Lair:1   | 15555 ||| Stepping ~*~*~tactically~*~*~ (stealth).
 15577 | Lair:1   | 15577 ||| INVOKING Berserk.
 15600 | Lair:1   | HP: 26/113 [komodo dragon (6)]
 15601 | Lair:1   | 15601 ||| READING 2 scrolls of teleportation.
 15601 | Lair:1   | HP: 4/113 [komodo dragon (18)]
 15602 | Lair:1   | 15602 ||| DRINKING potion of heal wounds.
 15603 | Lair:1   | Noticed a catoblepas
 15604 | Lair:1   | 15604 ||| READING scroll of teleportation.
 15605 | Lair:1   | 15605 ||| Stepping ~*~*~tactically~*~*~ (cloud).
 15607 | Lair:1   | 15607 ||| Stepping ~*~*~tactically~*~*~ (cloud).
 15608 | Lair:1   | HP: 20/113 [wolf (6)]
 15613 | Lair:1   | HP: 20/113 [wolf (1)]
 15618 | Lair:1   | HP: 3/115 [wolf (7)]
 15619 | Lair:1   | Slain by a wolf

Levels and vault maps discovered:
D:1:      minmay_arrival_nine_rooms, layout_basic, basic_ecumenical_altar,
          minmay_crystal_water, minmay_tall_x
D:2:      layout_basic, serial_shops, nicolae_shop_crystal,
          minmay_small_reverse_x
D:3:      layout_rooms, gammafunk_ghost_mausoleum, uniq_robin, uniq_natasha,
          uniq_ijyb
D:4:      kennysheep_spiral_hall, layout_rooms,
          grunt_dithmenos_smoke_and_mirrors, minmay_temple_entry_proselytizer,
          guppyfry_early_orc_mine
D:5:      layout_cave_pools, trog_hazing_becter, uniq_menkaure, uniq_duvessa,
          uniq_eustachio
D:6:      layout_rooms, serial_shops, shop, corexii_hall_statues_i, hex_large
D:7:      layout_gridville, kennysheep_generic_room_12
D:8:      layout_basic, gammafunk_ghost_abyssal_escape, serial_shops,
          nicolae_shop_trees
D:9:      layout_rooms, orc_0_dummy, nicolae_figureground_pulse
D:10:     layout_basic, uniq_grum
D:11:     layout_roguey, david_lair_generic
Lair:1:   layout_chaotic_city, grunt_forest_large_clearings,
          infiniplex_staircase_pool, grunt_megastairs_2, lemuel_fruit_fields,
          lemuel_fruit_tree, uniq_urug

Skill      XL: |  1  2  3  4  5  6  7  8  9 10 11 12 |
---------------+-------------------------------------+-----
Axes           | 4 5 6 7 9 10 12 14 16 | 16.0
Fighting       | 4 6 7 9 10 12 13 | 13.0
Armour         | 3 4 5 7 12 | 12.0
Throwing       | 1 2 |  2.8
Dodging        | 3 4 5 |  5.0

Action                   |  1- 3 |  4- 6 |  7- 9 | 10-12 || total
-------------------------+-------+-------+-------+-------++-------
Melee: Hand axe          |    98 |   116 |   253 |    44 ||   511
       Headbutt          |    14 |    18 |    43 |    77 ||   152
       Punch             |     2 |     2 |     2 |     2 ||     8
       War axe           |       |       |       |   339 ||   339
       Morningstar       |       |       |       |     2 ||     2
Throw: Boomerang         |       |    16 |    75 |    69 ||   160
Invok: Berserk           |     1 |     8 |    18 |    14 ||    41
       Brothers in Arms  |       |       |       |     1 ||     1
  Use: Scroll            |     4 |     5 |    15 |     6 ||    30
       Potion            |       |     4 |     4 |     1 ||     9
Armor: Animal skin       |     5 |       |       |       ||     5
       Scale mail        |    16 |     6 |       |       ||    22
       Chain mail        |       |    46 |   131 |    68 ||   245
       Plate armour      |       |       |       |   153 ||   153
Dodge: Dodged            |    38 |    18 |    69 |   191 ||   316

Table legend:
 A = Non-vault XP
 B = Vault XP
 C = Vault XP percentage of total XP
 D = Non-vault monster count
 E = Vault monster count
 F = Vault count percentage of total count
                 A         B        C        D         E       F
            +---------+---------+-------+---------+---------+-------
      Total |   18762 |    6472 |  25.6 |     252 |      78 |  23.6
            +---------+---------+-------+---------+---------+-------
        D:1 |      47 |       6 |  11.3 |      30 |       4 |  11.8
        D:2 |      58 |       6 |   9.4 |      16 |       4 |  20.0
        D:3 |     157 |     111 |  41.4 |      19 |      15 |  44.1
        D:4 |     262 |     341 |  56.6 |      13 |      12 |  48.0
        D:5 |    1094 |     615 |  36.0 |      20 |      10 |  33.3
        D:6 |    1054 |       0 |   0.0 |      21 |       0 |   0.0
        D:7 |     982 |       0 |   0.0 |      22 |       0 |   0.0
        D:8 |    2282 |       0 |   0.0 |      22 |       0 |   0.0
        D:9 |    3725 |       0 |   0.0 |      38 |       0 |   0.0
       D:10 |    1427 |     658 |  31.6 |      18 |       5 |  21.7
       D:11 |    4482 |    1688 |  27.4 |      19 |       4 |  17.4
     Lair:1 |    3192 |    3047 |  48.8 |      14 |      24 |  63.2
            +---------+---------+-------+---------+---------+-------
